Map: Deathaura LE

Players

Pazuzu - Winner!

  • Race: Terran Terran
  • League: Bronze
  • Spawn Location: 5:00

A.I. 1 (Easy)

  • Race: Protoss Protoss
  • Spawn Location: 11:00

VOD

Have the link to the VOD?

Description

Time

  • Played on: June 16, 2020, 2:42 p.m.
  • Length: 8:46
Show
View Real Time Build Order
Export as new Build Order

Pazuzu Terran - Winner!

Build Orders:  

Get SALT Encoding   

  12  0:02  SCV  
  13  0:14  SCV  
  13  0:21  Supply Depot  
  14  0:26  SCV  
  15  0:42  SCV  
  16  0:45  Barracks  
  16  0:51  Refinery  
  16  0:54  SCV  
  17  1:06  Refinery, SCV  
  18  1:19  SCV  
  18  1:21  Supply Depot  
  19  1:34  Orbital Command  
  19  1:52  Command Center  
  19  2:07  SCV  
  20  2:14  Factory  
  20  2:19  Barracks Tech Lab, SCV  
  21  2:32  SCV  
  22  2:41  Marine  
  22  2:44  SCV  
  24  2:56  SCV  
  25  3:02  Starport  
  25  3:08  SCV  
  26  3:18  Orbital Command  
  26  3:26  SCV  
  27  3:29  Siege Tank  
  30  3:39  SCV  
  31  3:45  Fusion Core  
  31  3:50  SCV  
  31  3:51  SCV  
  33  4:00  Refinery  
  33  4:02  SCV  
  34  4:03  SCV  
  35  4:15  Barracks Tech Lab, Starport  
  36  4:17  SCV  
  36  4:22  SCV  
  37  4:29  SCV  
  38  4:36  SCV  
  38  4:37  Refinery  
  39  4:38  Battlecruiser  
  39  4:41  SCV  
  46  5:00  Supply Depot  
  46  5:09  Weapon Refit  
  46  5:10  Command Center  
  46  5:19  Supply Depot x2  
  46  5:22  SCV x2  
  48  5:30  Battlecruiser  
  48  5:32  Supply Depot  
  54  5:40  SCV  
  54  5:42  SCV  
  56  5:52  SCV  
  56  5:54  SCV, Supply Depot  
  58  6:01  Battlecruiser  
  64  6:05  SCV  
  65  7:09  Battlecruiser  
  65  7:10  Battlecruiser  
  77  7:23  SCV x2  
  77  7:24  SCV  
  80  7:58  SCV  
  80  7:59  SCV x2  
  80  8:05  Refinery  
  83  8:08  Refinery  
  83  8:11  SCV x3  
  86  8:14  Supply Depot x2  
  86  8:16  Supply Depot  
  86  8:19  Supply Depot  
  98  8:23  SCV x3  
Show
View Real Time Build Order
Export as new Build Order

A.I. 1 (Easy) Protoss 

Build Orders:  

Get SALT Encoding   

  12  0:00  Probe  
  13  0:13  Probe  
  14  0:20  Pylon  
  14  0:25  Probe  
  15  0:34  Probe  
  16  0:44  Assimilator  
  16  0:51  Gateway  
  16  0:54  Pylon  
  16  1:18  Assimilator  
  16  1:31  Zealot  
  16  1:43  Cybernetics Core  
  16  1:46  Probe  
  19  1:59  Pylon  
  19  2:00  Probe  
  19  2:08  Probe  
  20  2:09  Warp Gate  
  21  2:16  Probe  
  21  2:19  Adept  
  24  2:28  Probe  
  25  2:41  Probe  
  26  2:49  Adept  
  28  3:19  Stalker  
  30  4:13  Probe  
  30  5:40  Probe, Zealot  
  30  5:42  Pylon  
  33  5:56  Probe  
  32  6:02  Robotics Facility  
  32  6:03  Stalker  
  29  6:08  Probe  
  24  6:16  Probe  
  21  6:24  Probe  
  18  6:26  Stalker  
  21  6:34  Probe  
  22  6:46  Probe  
  22  6:49  Sentry, Observer  
  22  6:58  Probe  
  15  7:10  Probe  
  15  7:11  Observer  
  15  7:12  Nexus, Zealot  
  10  7:22  Probe  
  6  7:32  Immortal  
  10  7:41  Stalker  
  6  8:02  Zealot  
  6  8:25  Probe  
Tags
 
League
Bronze
Matchup
PvT
Spawn Locations
Cross Positions
Add a new tag
Caveats
  • Supply blocks, unpowered buildings, or Contaminate may cause inaccurate times.
  • Supply counts are checked every 10 seconds.